cohdb
Replays
Latest Replays
All Replays
Popular Replays
Top Player Replays
Match Explorer
How It Works
Community
CoH3 Stats
Reddit
Sign in to upload your games and track your stats! →
Sign in with Steam
Match 45996367
Unlisted
Match 45996367
Overview
Messages
Build Orders
End
Kettenkrad Recon Vehicle
Pioneer Squad
Construct Infanterie Kompanie
Selects Mechanized Battlegroup
Grenadier Squad
Grenadier Squad
MG 42 Machine Gun Team
Construct Luftwaffe Kompanie
Medical Station
Selects Raid Package
221 Scout Car
Flak 30 Anti-aircraft Gun Team
Selects StuG Assault Group
StuG Assault Group
Jäger Squad
Selects Mobile Repair Stations
Selects Stoßtruppen Assault Package
MG 42 Machine Gun Team
Construct Panzer Kompanie
Sturmpanzer IV Brummbär
Skeng.Tecnica.International
Wolfe
0
0
Comments
sign in to comment!
No comments posted yet!